General information
- name: BNet
- type: Ladder team game (AT/RT)
- host: Battle.net
- saver: THEBIGMIGHTYROD
map: Deadlock
- players: 8
- length: 47:33
- speed: Fast
- version: 1.26 W3XP
- replay type: Public
» download(269 KB)
Players
team 1 (loser)

»
cerillo (
yellow | 29 APM | 960 actions | 32:46)
5 Blademaster
2 Critical Strike
3 Wind Walk
4 Tauren Chieftain
2 Endurance Aura
2 War Stomp
» actions
| Basic commands | 16 | |
| Build / train | 69 | |
| ESC pressed | 2 | |
| Enter build submenu | 26 | |
| Enter hero's abilities submenu | 9 | |
| Give item / drop item | 3 | |
| Right click | 359 | |
| Select / deselect | 396 | |
| Use ability | 80 | |
960 total
» units
| Peon | 15 | |
| Grunt | 4 | |
| Tauren | 5 | |
| Shaman | 5 | |
| Troll Witch Doctor | 2 | |
| Troll Batrider | 4 | |
35 total
» upgrades
| Armor | 2 | |
| Shaman Training | 2 | |
| Melee Weapons | 3 | |
| Pulverize | 1 | |
| Witch Doctor Training | 2 | |
10 total
» buildings
| Altar of Storms | 1 | |
| Orc Burrow | 9 | |
| Voodoo Lounge | 2 | |
| Barracks | 1 | |
| Stronghold | 1 | |
| Great Hall | 2 | |
| War Mill | 1 | |
| Fortress | 1 | |
| Spirit Lodge | 2 | |
| Tauren Totem | 2 | |
| Beastiary | 3 | |
25 total
» build order
00:07 Altar of Storms
00:15 Orc Burrow
01:01 Voodoo Lounge
01:16 Voodoo Lounge
01:21 Orc Burrow
01:51 Barracks
02:33 Orc Burrow
03:39 Stronghold
04:46 Great Hall
05:14 War Mill
06:02 Fortress
07:01 Spirit Lodge
08:26 Tauren Totem
09:42 Orc Burrow
09:46 Tauren Totem
09:50 Spirit Lodge
10:50 Orc Burrow
11:50 Orc Burrow
14:51 Beastiary
14:54 Beastiary
16:09 Beastiary
19:18 Great Hall
22:43 Orc Burrow
23:37 Orc Burrow
24:36 Orc Burrow
» items
| Healing Salve | 3 | |
| Boots of Speed | 1 | |
| Scroll of Town Portal | 3 | |
| Orb of Lightning | 2 | |
| Potion of Healing | 1 | |
| Lesser Clarity Potion | 1 | |
11 total

»
uHH (
blue | 32 APM | 1540 actions | 47:33)
5 Demon Hunter
3 Mana Burn
2 Evasion
» actions
| Assign group hotkey | 3 | |
| Basic commands | 14 | |
| Build / train | 69 | |
| Enter build submenu | 18 | |
| Enter hero's abilities submenu | 5 | |
| Remove unit from queue | 3 | |
| Right click | 676 | |
| Select / deselect | 529 | |
| Select group hotkey | 157 | |
| Use ability | 66 | |
1540 total
» units
| Wisp | 16 | |
| Archer | 6 | |
| Dryad | 10 | |
| Chimaera | 3 | |
| Faerie Dragon | 1 | |
36 total
» upgrades
| Strength of the Wild | 2 | |
| Reinforced Hides | 3 | |
| Corrosive Breath | 1 | |
| Abolish Magic | 1 | |
| Ultravision | 1 | |
8 total
» buildings
| Altar of Elders | 1 | |
| Moon Well | 6 | |
| Ancient of War | 1 | |
| Ancient of Wonders | 1 | |
| Tree of Ages | 1 | |
| Hunter's Hall | 1 | |
| Ancient of Wind | 1 | |
| Tree of Life | 2 | |
| Tree of Eternity | 1 | |
| Ancient of Lore | 2 | |
| Chimaera Roost | 2 | |
19 total
» build order
00:17 Altar of Elders
00:20 Moon Well
00:39 Ancient of War
01:38 Moon Well
02:56 Ancient of Wonders
03:47 Tree of Ages
04:18 Hunter's Hall
04:28 Moon Well
06:16 Ancient of Wind
06:38 Tree of Life
08:26 Tree of Eternity
09:02 Moon Well
10:07 Moon Well
10:57 Ancient of Lore
11:00 Chimaera Roost
11:05 Chimaera Roost
11:48 Ancient of Lore
13:00 Moon Well
19:21 Tree of Life
» items
| Boots of Speed | 1 | |
| Circlet of Nobility | 1 | |
| Scroll of Town Portal | 4 | |
| Orb of Venom | 1 | |
| Potion of Healing | 1 | |
| Potion of Lesser Invulnerability | 2 | |
10 total
THEBIGMIGHTYROD (
teal | 85 APM | 4021 actions | 47:33)
8 Archmage
2 Summon Water Elemental
3 Brilliance Aura
2 Blizzard
1 Mass Teleport
» actions
| Assign group hotkey | 109 | |
| Basic commands | 399 | |
| Build / train | 179 | |
| ESC pressed | 3 | |
| Enter build submenu | 55 | |
| Enter hero's abilities submenu | 10 | |
| Give item / drop item | 17 | |
| Right click | 1491 | |
| Select / deselect | 460 | |
| Select group hotkey | 1102 | |
| Use ability | 196 | |
4021 total
» units
| Peasant | 21 | |
| Footman | 8 | |
| Dragonhawk Rider | 3 | |
| Sorceress | 1 | |
| Mortar Team | 6 | |
| Gryphon Rider | 1 | |
40 total
» upgrades
| Defend | 1 | |
| Masonry | 3 | |
| Swords | 3 | |
| Armor | 4 | |
| Sorceress Training | 1 | |
| Lumber Harvesting | 2 | |
| Cloud | 1 | |
| Animal War Training | 1 | |
| Storm Hammers | 2 | |
| Fragmentation Shards | 2 | |
| Gunpowder | 3 | |
23 total
» buildings
| Altar of Kings | 1 | |
| Barracks | 1 | |
| Farm | 11 | |
| Arcane Vault | 1 | |
| Town Hall | 2 | |
| Scout Tower | 26 | |
| Arcane Tower | 6 | |
| Lumber Mill | 1 | |
| Guard Tower | 38 | |
| Keep | 4 | |
| Blacksmith | 1 | |
| Castle | 3 | |
| Gryphon Aviary | 4 | |
| Arcane Sanctum | 1 | |
| Workshop | 3 | |
103 total
» build order
00:35 Altar of Kings
00:36 Barracks
00:50 Farm
01:05 Farm
01:45 Farm
02:12 Arcane Vault
02:16 Farm
03:51 Town Hall
03:53 Scout Tower
04:30 Arcane Tower
04:31 Arcane Tower
05:24 Scout Tower
05:27 Lumber Mill
05:53 Scout Tower
06:02 Arcane Tower
06:03 Arcane Tower
06:03 Arcane Tower
06:05 Scout Tower
06:09 Scout Tower
06:41 Guard Tower
06:41 Guard Tower
06:42 Scout Tower
06:54 Scout Tower
07:05 Guard Tower
07:05 Guard Tower
07:06 Guard Tower
07:06 Keep
07:06 Keep
07:33 Scout Tower
07:34 Scout Tower
07:56 Guard Tower
07:56 Guard Tower
08:00 Scout Tower
08:08 Guard Tower
08:08 Guard Tower
08:27 Blacksmith
10:17 Castle
10:17 Castle
10:17 Castle
10:20 Gryphon Aviary
10:22 Gryphon Aviary
11:00 Arcane Sanctum
11:19 Gryphon Aviary
11:23 Gryphon Aviary
11:35 Scout Tower
11:37 Scout Tower
11:41 Scout Tower
11:43 Scout Tower
12:28 Guard Tower
12:28 Guard Tower
12:30 Guard Tower
12:30 Guard Tower
13:08 Farm
13:10 Farm
13:15 Guard Tower
13:15 Guard Tower
13:16 Guard Tower
16:35 Guard Tower
16:35 Guard Tower
16:40 Guard Tower
16:40 Guard Tower
16:40 Guard Tower
18:15 Workshop
18:18 Workshop
18:20 Workshop
19:31 Farm
19:33 Farm
19:34 Farm
19:36 Farm
19:51 Farm
19:55 Scout Tower
19:57 Scout Tower
19:58 Scout Tower
22:44 Guard Tower
22:44 Guard Tower
22:44 Guard Tower
24:10 Town Hall
24:39 Scout Tower
24:41 Scout Tower
24:42 Scout Tower
24:44 Scout Tower
26:16 Guard Tower
28:33 Scout Tower
28:35 Scout Tower
28:38 Scout Tower
28:41 Scout Tower
28:42 Scout Tower
29:10 Guard Tower
31:16 Guard Tower
31:16 Guard Tower
31:16 Guard Tower
» items
| Scroll of Regeneration | 5 | |
| Mechanical Critter | 4 | |
| Staff of Teleportation | 1 | |
| Potion of Invisibility | 4 | |
| Tome of Retraining | 2 | |
| Potion of Lesser Invulnerability | 2 | |
| Staff of Sanctuary | 1 | |
| Lesser Clarity Potion | 2 | |
21 total

»
XxWizardFacexX (
orange | 35 APM | 1681 actions | 47:33)
4 Archmage
2 Summon Water Elemental
2 Brilliance Aura
3 Paladin
2 Holy Light
1 Divine Shield
4 Mountain King
2 Storm Bolt
2 Bash
» actions
| Assign group hotkey | 27 | |
| Basic commands | 5 | |
| Build / train | 101 | |
| Enter build submenu | 24 | |
| Enter hero's abilities submenu | 11 | |
| Right click | 626 | |
| Select / deselect | 243 | |
| Select group hotkey | 525 | |
| Use ability | 119 | |
1681 total
» units
| Peasant | 30 | |
| Footman | 4 | |
| Siege Engine | 10 | |
| Knight | 4 | |
| Mortar Team | 1 | |
49 total
» upgrades
| Defend | 1 | |
| Masonry | 3 | |
| Lumber Harvesting | 2 | |
| Plating | 3 | |
| Swords | 3 | |
| Gunpowder | 3 | |
| Barrage | 1 | |
| Animal War Training | 1 | |
| Flak Cannons | 1 | |
18 total
» buildings
| Farm | 14 | |
| Altar of Kings | 1 | |
| Scout Tower | 13 | |
| Barracks | 2 | |
| Arcane Tower | 2 | |
| Lumber Mill | 1 | |
| Arcane Vault | 3 | |
| Guard Tower | 8 | |
| Town Hall | 3 | |
| Keep | 1 | |
| Blacksmith | 1 | |
| Castle | 1 | |
| Workshop | 2 | |
52 total
» build order
00:26 Farm
00:27 Farm
00:43 Altar of Kings
01:41 Scout Tower
01:47 Barracks
01:50 Farm
01:51 Farm
02:12 Arcane Tower
02:18 Farm
02:39 Lumber Mill
03:07 Scout Tower
03:10 Scout Tower
03:34 Arcane Vault
03:43 Guard Tower
04:00 Arcane Vault
04:21 Guard Tower
05:51 Town Hall
05:53 Scout Tower
05:54 Scout Tower
05:54 Scout Tower
06:00 Keep
06:24 Guard Tower
06:27 Guard Tower
06:31 Scout Tower
06:32 Scout Tower
06:45 Guard Tower
06:58 Farm
07:00 Farm
07:01 Farm
07:23 Arcane Tower
07:30 Arcane Vault
07:32 Guard Tower
07:53 Blacksmith
09:03 Castle
09:08 Workshop
09:12 Workshop
10:22 Barracks
10:24 Farm
10:25 Farm
10:26 Farm
18:41 Town Hall
23:55 Farm
23:56 Farm
23:58 Farm
27:13 Town Hall
29:36 Scout Tower
29:37 Scout Tower
29:38 Scout Tower
29:39 Scout Tower
29:40 Scout Tower
30:16 Guard Tower
30:41 Guard Tower
» items
| Scroll of Regeneration | 2 | |
| Scroll of Town Portal | 5 | |
| Orb of Fire | 1 | |
8 total
team 2 (winner)

»
roflcopter. (
pink | 36 APM | 692 actions | 19:00)
2 Archmage
1 Summon Water Elemental
1 Brilliance Aura
» actions
| Assign group hotkey | 18 | |
| Basic commands | 1 | |
| Build / train | 40 | |
| Enter build submenu | 16 | |
| Enter hero's abilities submenu | 2 | |
| Give item / drop item | 1 | |
| Right click | 245 | |
| Select / deselect | 142 | |
| Select group hotkey | 188 | |
| Use ability | 39 | |
692 total
» units
| Peasant | 10 | |
| Rifleman | 8 | |
| Mortar Team | 9 | |
27 total
» upgrades
| Gunpowder | 2 | |
| Armor | 1 | |
| Lumber Harvesting | 1 | |
4 total
» buildings
| Altar of Kings | 1 | |
| Farm | 11 | |
| Barracks | 1 | |
| Blacksmith | 1 | |
| Scout Tower | 4 | |
| Arcane Tower | 1 | |
| Keep | 1 | |
| Lumber Mill | 1 | |
| Arcane Vault | 1 | |
| Workshop | 2 | |
| Guard Tower | 1 | |
25 total
» build order
00:55 Altar of Kings
01:00 Farm
01:15 Barracks
01:21 Blacksmith
02:04 Farm
02:15 Farm
02:35 Farm
02:57 Scout Tower
03:24 Arcane Tower
03:28 Farm
04:42 Keep
05:50 Lumber Mill
05:54 Farm
05:55 Farm
05:59 Arcane Vault
06:02 Scout Tower
06:04 Scout Tower
06:05 Scout Tower
07:06 Workshop
07:07 Workshop
09:35 Farm
09:36 Farm
09:51 Guard Tower
09:57 Farm
09:58 Farm
» items
| Scroll of Town Portal | 2 | |
| Scroll of Regeneration | 1 | |
3 total
NoobChief (
purple | 35 APM | 1650 actions | 47:33)
6 Archmage
3 Summon Water Elemental
2 Brilliance Aura
1 Mass Teleport
» actions
| Assign group hotkey | 54 | |
| Build / train | 61 | |
| Enter build submenu | 15 | |
| Enter hero's abilities submenu | 6 | |
| Give item / drop item | 2 | |
| Right click | 528 | |
| Select / deselect | 374 | |
| Select group hotkey | 537 | |
| Use ability | 73 | |
1650 total
» units
» upgrades
| Masonry | 1 | |
| Lumber Harvesting | 1 | |
| Armor | 1 | |
| Swords | 1 | |
| Storm Hammers | 1 | |
5 total
» buildings
| Altar of Kings | 1 | |
| Farm | 7 | |
| Lumber Mill | 2 | |
| Arcane Vault | 1 | |
| Keep | 1 | |
| Blacksmith | 1 | |
| Barracks | 1 | |
| Castle | 1 | |
| Gryphon Aviary | 2 | |
| Town Hall | 2 | |
19 total
» build order
00:06 Altar of Kings
00:20 Farm
00:22 Farm
01:22 Lumber Mill
02:17 Arcane Vault
03:23 Keep
04:39 Blacksmith
04:43 Barracks
05:44 Castle
05:49 Farm
05:52 Farm
05:52 Farm
05:54 Farm
05:54 Farm
07:23 Gryphon Aviary
07:28 Gryphon Aviary
13:38 Town Hall
20:17 Lumber Mill
28:47 Town Hall
» items
| Scroll of Regeneration | 4 | |
| Lesser Clarity Potion | 3 | |
| Boots of Speed | 1 | |
| Periapt of Vitality | 1 | |
| Staff of Teleportation | 1 | |
| Potion of Healing | 2 | |
| Scroll of Town Portal | 5 | |
| Dust of Appearance | 1 | |
| Potion of Lesser Invulnerability | 1 | |
19 total
HerroNippon (
green | 48 APM | 2285 actions | 47:15)
8 Archmage
3 Summon Water Elemental
3 Brilliance Aura
1 Mass Teleport
1 Blizzard
» actions
| Assign group hotkey | 188 | |
| Basic commands | 183 | |
| Build / train | 100 | |
| Enter build submenu | 33 | |
| Enter hero's abilities submenu | 8 | |
| Give item / drop item | 10 | |
| Remove unit from queue | 2 | |
| Right click | 880 | |
| Select / deselect | 459 | |
| Select group hotkey | 304 | |
| Use ability | 117 | |
2285 total
» units
| Peasant | 26 | |
| Footman | 4 | |
| Gryphon Rider | 14 | |
44 total
» upgrades
| Lumber Harvesting | 2 | |
| Masonry | 3 | |
| Swords | 3 | |
| Armor | 3 | |
| Animal War Training | 1 | |
| Storm Hammers | 1 | |
| Cloud | 1 | |
14 total
» buildings
| Altar of Kings | 1 | |
| Barracks | 1 | |
| Farm | 8 | |
| Arcane Vault | 1 | |
| Keep | 1 | |
| Town Hall | 2 | |
| Lumber Mill | 1 | |
| Scout Tower | 12 | |
| Castle | 1 | |
| Guard Tower | 2 | |
| Gryphon Aviary | 4 | |
| Blacksmith | 2 | |
| Arcane Tower | 1 | |
37 total
» build order
00:36 Altar of Kings
00:37 Barracks
00:50 Farm
00:50 Farm
01:05 Farm
01:37 Farm
02:59 Arcane Vault
03:41 Keep
04:07 Town Hall
04:41 Lumber Mill
05:46 Scout Tower
05:47 Scout Tower
05:48 Scout Tower
05:49 Scout Tower
06:45 Castle
06:50 Guard Tower
07:50 Guard Tower
09:23 Gryphon Aviary
09:26 Gryphon Aviary
09:29 Gryphon Aviary
09:31 Blacksmith
09:35 Blacksmith
12:06 Scout Tower
12:15 Farm
12:38 Arcane Tower
16:24 Scout Tower
16:24 Scout Tower
16:25 Scout Tower
16:26 Scout Tower
16:28 Scout Tower
16:29 Scout Tower
16:32 Scout Tower
17:20 Guard Tower
23:18 Town Hall
24:16 Farm
24:18 Gryphon Aviary
24:19 Farm
24:21 Farm
» items
| Scroll of Regeneration | 4 | |
| Mechanical Critter | 4 | |
| Potion of Healing | 6 | |
| Scroll of Town Portal | 5 | |
| Periapt of Vitality | 1 | |
| Potion of Lesser Invulnerability | 1 | |
| Dust of Appearance | 1 | |
| Lesser Clarity Potion | 2 | |
| Potion of Mana | 1 | |
| Staff of Teleportation | 1 | |
26 total
GINAGOMAD (
red | 54 APM | 2581 actions | 47:29)
7 Mountain King
3 Storm Bolt
3 Bash
1 Avatar
» actions
| Assign group hotkey | 66 | |
| Basic commands | 108 | |
| Build / train | 75 | |
| Enter build submenu | 22 | |
| Enter hero's abilities submenu | 8 | |
| Right click | 1088 | |
| Select / deselect | 297 | |
| Select group hotkey | 800 | |
| Use ability | 117 | |
2581 total
» units
| Peasant | 13 | |
| Footman | 4 | |
| Dragonhawk Rider | 7 | |
| Gryphon Rider | 3 | |
27 total
» upgrades
| Masonry | 3 | |
| Lumber Harvesting | 1 | |
| Cloud | 1 | |
| Swords | 2 | |
| Armor | 2 | |
| Animal War Training | 1 | |
| Storm Hammers | 1 | |
11 total
» buildings
| Altar of Kings | 1 | |
| Barracks | 1 | |
| Farm | 18 | |
| Scout Tower | 23 | |
| Lumber Mill | 1 | |
| Arcane Tower | 1 | |
| Arcane Vault | 1 | |
| Keep | 1 | |
| Town Hall | 2 | |
| Guard Tower | 12 | |
| Blacksmith | 1 | |
| Gryphon Aviary | 3 | |
| Castle | 1 | |
66 total
» build order
00:07 Altar of Kings
00:21 Barracks
00:36 Farm
00:52 Farm
01:39 Scout Tower
01:51 Lumber Mill
02:17 Arcane Tower
02:35 Farm
02:46 Arcane Vault
03:22 Keep
04:37 Town Hall
04:38 Scout Tower
04:39 Scout Tower
05:13 Guard Tower
05:31 Blacksmith
06:58 Gryphon Aviary
07:26 Gryphon Aviary
08:14 Scout Tower
08:14 Scout Tower
08:14 Scout Tower
08:15 Scout Tower
08:15 Scout Tower
09:01 Guard Tower
09:01 Guard Tower
09:15 Guard Tower
09:26 Farm
09:27 Farm
09:28 Farm
09:28 Farm
10:02 Castle
12:32 Scout Tower
12:33 Scout Tower
12:33 Scout Tower
12:33 Scout Tower
12:37 Scout Tower
12:37 Scout Tower
12:38 Scout Tower
12:38 Scout Tower
13:47 Guard Tower
13:48 Guard Tower
14:33 Guard Tower
14:34 Guard Tower
15:09 Gryphon Aviary
15:11 Farm
15:12 Farm
15:12 Farm
15:12 Farm
16:27 Scout Tower
16:28 Scout Tower
16:28 Scout Tower
16:29 Scout Tower
16:30 Scout Tower
16:30 Scout Tower
16:31 Scout Tower
17:54 Guard Tower
17:54 Guard Tower
21:39 Farm
21:40 Farm
21:41 Farm
21:41 Farm
22:56 Farm
22:56 Farm
22:56 Farm
29:58 Town Hall
» items
| Scroll of Regeneration | 4 | |
| Scroll of Town Portal | 4 | |
| Lesser Clarity Potion | 1 | |
| Potion of Mana | 1 | |
| Staff of Sanctuary | 1 | |
| Staff of Teleportation | 1 | |
| Potion of Healing | 1 | |
13 total
Chat log
(00:12 / All) GINAGOMAD: wizard face omg
(00:18 / All) GINAGOMAD: prepare for Rage quit inc
(00:37 / All) XxWizardFacexX: dunno bout that broski. did you piss me off once?
(00:45 / All) GINAGOMAD: yes u always get pissed off
(00:56 / Allies) uHH: bang bang
(00:57 / All) XxWizardFacexX: people suck, what can i say?
(01:01 / All) uHH: ^
(01:11 / All) HerroNippon: You know this too well
(01:13 / All) HerroNippon: You are a person
(01:15 / All) HerroNippon: and you suck
(01:21 / Allies) uHH: bang bang
(01:23 / All) XxWizardFacexX: youre a jap dudeski
(01:28 / All) GINAGOMAD: lawl
(01:30 / All) XxWizardFacexX: we beat you before
(01:30 / All) GINAGOMAD: nip u mean
(01:42 / Allies) uHH: chims
(01:45 / Allies) uHH: hippos
(01:55 / All) HerroNippon: the jews fear the samurai
(01:56 / All) roflcopter.: i know u lie cuz yo lips are movin
(02:11 / Allies) uHH: classic lines by them
(02:12 / Allies) uHH: gg
(02:25 / All) roflcopter.: i am gay im dating a man named paul
(05:09 / Allies) uHH: pls...
(05:21 / Allies) XxWizardFacexX: you can have that one duder. thatone sucks
(05:33 / Allies) uHH: ofc
(05:34 / Allies) uHH: hu
(05:37 / Allies) uHH: goes 4 ez
(05:39 / Allies) uHH: thx
(05:51 / Allies) uHH: idiot
(06:42 / All) roflcopter.: god dam bm
(07:47 / Allies) uHH: fuck boi oj
(08:07 / Allies) XxWizardFacexX: why should i take the toilet expo? i got to the good one first.
(08:14 / Allies) uHH: cuz ur hu nub
(08:15 / Allies) XxWizardFacexX: and you didnt tower before main...
(08:16 / Allies) uHH: Tower
(08:19 / Allies) uHH: ....................
(08:22 / All) GINAGOMAD: freaking spirit moon in the house
(08:39 / Allies) uHH: so yes make the ne take outside expo
(08:44 / Allies) uHH: when going chim
(08:46 / Allies) uHH: ty
(10:04 / All) THEBIGMIGHTYROD: wtf...
(10:08 / All) THEBIGMIGHTYROD: my tome of retraining glitched
(10:13 / All) THEBIGMIGHTYROD: and only gave me 1 skill point back
(10:20 / All) roflcopter.: lol
(10:33 / All) THEBIGMIGHTYROD: we'll see who is laughing out loud
(10:41 / All) roflcopter.: rofl
(10:47 / All) roflcopter.: while i lol
(11:41 / Allies) XxWizardFacexX: repair
(11:42 / Allies) XxWizardFacexX: now
(12:04 / Allies) XxWizardFacexX: gj
(12:04 / All) THEBIGMIGHTYROD: nice try scrub
(12:05 / All) THEBIGMIGHTYROD: hahahaha
(12:06 / All) THEBIGMIGHTYROD: LOL
(12:09 / All) THEBIGMIGHTYROD: laughing out loud at you
(12:11 / Allies) THEBIGMIGHTYROD: thanks
(12:17 / All) roflcopter.: my heart was racing
(12:24 / All) roflcopter.: that was fun
(12:56 / Allies) XxWizardFacexX: aa?
(13:01 / Allies) XxWizardFacexX: tp all
(13:02 / Allies) THEBIGMIGHTYROD: making hawks right now
(13:09 / Allies) XxWizardFacexX: tptptpt
(13:23 / Allies) XxWizardFacexX: now
(13:46 / Allies) XxWizardFacexX: NOW tp
(13:56 / Allies) XxWizardFacexX: wow
(14:19 / Allies) XxWizardFacexX: 3 went air
(14:31 / Allies) XxWizardFacexX: tanks cranking
(14:47 / Allies) cerillo: 3 of them got air
(14:54 / All) THEBIGMIGHTYROD: Your ass is mine pink
(15:08 / All) THEBIGMIGHTYROD: you are horrible, pink
(15:11 / All) THEBIGMIGHTYROD: uninstall
(15:14 / All) XxWizardFacexX: horrid!
(15:21 / All) roflcopter.: never
(15:56 / Allies) XxWizardFacexX: lil help?
(16:23 / Allies) XxWizardFacexX: without y tanks we're fucked, so get the fuck over here
(16:29 / All) THEBIGMIGHTYROD: Pink you are my bitch
(16:46 / All) roflcopter.: we win
(16:48 / Allies) uHH: hit tard
(16:57 / All) THEBIGMIGHTYROD: your team is stronger with no help from you
(17:02 / All) THEBIGMIGHTYROD: dickriding little bitch
(17:06 / All) THEBIGMIGHTYROD: and it's not even over yet
(17:11 / Allies) XxWizardFacexX: told you bout my tanks...
(17:13 / Allies) XxWizardFacexX: idiots
(18:07 / Allies) XxWizardFacexX: all meet
(18:52 / All) THEBIGMIGHTYROD: woot level 6
(19:07 / All) THEBIGMIGHTYROD: LOL
(19:14 / All) THEBIGMIGHTYROD: stops the smack talk when he isn't winning
(19:17 / All) THEBIGMIGHTYROD: and gives up instantly
(19:29 / Allies) uHH: oj go next
(19:37 / Allies) XxWizardFacexX: no slow and steady
(19:48 / Allies) uHH: GO NEXT
(19:57 / Allies) uHH: woooooooooooooooooooooow
(20:01 / All) XxWizardFacexX: woow
(20:16 / Allies) uHH: u slow dude
(20:16 / All) XxWizardFacexX: that's what blue said
(20:36 / All) uHH: hit worthless building
(20:45 / All) XxWizardFacexX: worthless!
(22:12 / Allies) uHH: pros everywhere
(23:10 / All) XxWizardFacexX: high buildig armor dude takes a while
(24:10 / All) XxWizardFacexX: die
(24:15 / All) XxWizardFacexX: nooooooo
(24:18 / All) XxWizardFacexX: use tp
(26:26 / All) XxWizardFacexX: die die die
(26:32 / All) XxWizardFacexX: shank you for the exp
(26:39 / All) GINAGOMAD: was tryign to kill it off
(26:44 / Allies) uHH: ur horrible
(26:48 / Allies) uHH: any1 can do it...
(26:49 / All) XxWizardFacexX: horrid!
(26:49 / Allies) THEBIGMIGHTYROD: I > you
(26:50 / All) GINAGOMAD: u having higher level heroes means more exp for me when i kill u
(27:08 / All) XxWizardFacexX: blueski doesn't know how to speak to all
(27:20 / All) GINAGOMAD: hes a spic
(27:27 / All) XxWizardFacexX: he says you're horrible. or maybe me. not sure.
(27:33 / All) THEBIGMIGHTYROD: he might mean me
(27:37 / All) uHH: all
(27:37 / All) GINAGOMAD: lol
(27:38 / All) uHH: jesus
(27:41 / All) THEBIGMIGHTYROD: since I'm killing him
(27:42 / All) XxWizardFacexX: all of us prob
(27:49 / All) GINAGOMAD: clearly not all, obviously there are pros in this game
(27:52 / All) uHH: took u 3 years bro
(27:58 / All) uHH: has mass tp
(28:02 / All) uHH: took how many time?
(28:09 / All) uHH: morts and grif
(28:12 / All) uHH: BAD LOL
(28:20 / All) THEBIGMIGHTYROD: Well, it worked great against chims and dryads
(28:28 / All) uHH: SHOCK?
(28:30 / All) uHH: LOL
(28:42 / All) XxWizardFacexX: you lose dudes leave pls
(29:10 / Allies) uHH: stops talking?
(29:52 / Allies) XxWizardFacexX: wtf tealski
(29:54 / Allies) XxWizardFacexX: not cool
(29:57 / Allies) uHH: hes horrible
(30:02 / Allies) XxWizardFacexX: he mad
(30:11 / Allies) THEBIGMIGHTYROD: I still own you noobs
(30:11 / Allies) uHH: bad and mad = tk
(30:15 / Allies) uHH: LOL
(30:20 / Allies) THEBIGMIGHTYROD: I own you 1v3
(30:22 / Allies) uHH: MASSS TP GRIFF MORT
(30:24 / Allies) uHH: UR BAD
(30:35 / Allies) THEBIGMIGHTYROD: worked against you clowns
(30:35 / Allies) XxWizardFacexX: your killing your team dude, that's pretty easy at tier 3
(30:40 / Allies) uHH: NORT HARD BRO
(30:46 / Allies) uHH: LOL
(30:47 / Allies) XxWizardFacexX: he thuggin
(30:48 / All) GINAGOMAD: tank abuser
(30:59 / Allies) THEBIGMIGHTYROD: there are 3 of you, 1 of me
(31:02 / Allies) THEBIGMIGHTYROD: and you lose every time
(31:06 / Allies) XxWizardFacexX: 3 players, 1 ally and 2 enemies is harder than 3 enemies idiot
(31:07 / Allies) uHH: were we trying?
(31:09 / Allies) uHH: idiot
(31:25 / Allies) THEBIGMIGHTYROD: you were trying as hard as you could but your hardest is shit
(31:28 / Allies) THEBIGMIGHTYROD: shitbags
(31:34 / Allies) uHH: trying in what way?
(31:37 / Allies) uHH: pls explain
(31:41 / Allies) THEBIGMIGHTYROD: you were obviously trying to win
(31:46 / Allies) THEBIGMIGHTYROD: yet you can't defeat the wildcard
(31:46 / All) XxWizardFacexX: we're being bsd, so feel good gue=yes
(31:52 / All) HerroNippon: Don't start none there won't be none, son
(31:53 / All) THEBIGMIGHTYROD: they are both 0-0
(31:58 / Allies) uHH: wasnt even the question
(32:11 / All) NoobChief: lol
(32:12 / All) GINAGOMAD: time for ur ragequit
(32:13 / All) GINAGOMAD: lalw
(32:13 / All) NoobChief: oj
(32:19 / All) XxWizardFacexX: yes
(32:23 / All) HerroNippon: mad?
(32:36 / Allies) uHH: types about how u owned oj
(32:38 / All) HerroNippon: how mad you are?
(32:41 / All) HerroNippon: how mad you are?
(32:41 / All) XxWizardFacexX: nah. i've been playing this game for 14 years. don't get mad anymore.
(32:43 / All) GINAGOMAD: we have statistical proof u have whined before
(33:05 / All) GINAGOMAD: there are archives, u know
(33:07 / All) HerroNippon: you must prepare your anus for the penetration of the glorious nippon
(33:07 / All) XxWizardFacexX: now teal is gonna have a big comeback while im beating off.
(33:38 / All) GINAGOMAD: ur gonna be like aaron hernandez, go from a tight end to wide reciever
(34:17 / All) THEBIGMIGHTYROD: was purp even doing anything with that mine?
(34:31 / All) GINAGOMAD: hes been quiet
(34:55 / All) GINAGOMAD: pro micro blue
(35:09 / All) uHH: LOL
(35:16 / All) uHH: games out for how long
(35:19 / All) uHH: not hard to learn
(35:33 / All) THEBIGMIGHTYROD: it is for you
(35:36 / All) GINAGOMAD: clearly u didnt sense my sarcasm in my fingers
(35:53 / All) uHH: teal tries so hard to get ez kills lmapo
(35:59 / All) HerroNippon: get dat bird of h is
(36:00 / All) GINAGOMAD: uhh
(36:18 / All) GINAGOMAD: wonder what aaron hernandez is thinking about now
(36:24 / All) uHH: ima watch teal lose...
(36:27 / All) uHH: pls get started
(36:30 / All) XxWizardFacexX: what gang to join, presumably.
(36:41 / All) uHH: or kill urself
(36:43 / All) GINAGOMAD: gonna give purple control
(36:45 / All) GINAGOMAD: see wut he does
(36:46 / All) uHH: w/e floats ur boat
(37:19 / All) XxWizardFacexX: lol teal is killing himself for the loss. what a loser?
(37:35 / All) GINAGOMAD: go on, hide ur anger boy
(37:44 / All) uHH: ^
(37:46 / All) uHH: lmao
(38:12 / All) uHH: but hes pro cuz he can tk xDDDDDDDDDD
(38:25 / All) THEBIGMIGHTYROD: Blue
(38:27 / All) THEBIGMIGHTYROD: You are 21-19
(38:28 / All) uHH: ?
(38:29 / All) XxWizardFacexX: PROPROPRO
(38:29 / All) THEBIGMIGHTYROD: You are trash lol
(38:34 / All) uHH: LOL
(38:39 / All) uHH: my tryhard accpount bro
(38:41 / All) THEBIGMIGHTYROD: Orange is 834-854
(38:44 / All) THEBIGMIGHTYROD: even worse, sub 50%
(38:49 / All) XxWizardFacexX: whoa under 50!!!!
(38:59 / All) uHH: Unreal ppl try in 2015!
(39:24 / All) XxWizardFacexX: peons are killing the morts!
(39:29 / All) XxWizardFacexX: travesty!
(39:45 / All) uHH: kill my shit top right'
(39:46 / All) THEBIGMIGHTYROD: The only peons here right now are you three
(40:02 / All) GINAGOMAD: XxWizardFacexX: im gonna smoke weed eat pasta from spaghetti factory and drink wine and watch you faggots play
(40:04 / All) XxWizardFacexX: and you. you are a pee on
(40:25 / All) uHH: Top Right!
(40:28 / All) XxWizardFacexX: just call me wiz dude don't need to do all the typing
(40:31 / All) GINAGOMAD: oj
(40:35 / All) GINAGOMAD: XxWizardFacexX: im gonna smoke weed eat pasta from spaghetti factory and drink wine and watch you faggots play
(40:45 / All) XxWizardFacexX: nice paste duder
(40:47 / All) GINAGOMAD: wut is spaghetti factory
(40:52 / All) uHH: ^
(41:00 / All) XxWizardFacexX: im from the nw i know what spag fag is
(41:12 / All) GINAGOMAD: new york? wut is nw
(41:14 / All) GINAGOMAD: new
(41:14 / All) THEBIGMIGHTYROD: you are from the NWO?
(41:19 / All) uHH: ...wow
(41:20 / All) XxWizardFacexX: northwest
(41:28 / All) XxWizardFacexX: shut up teal. you mad?
(41:30 / All) GINAGOMAD: richard sherman is a thug
(41:32 / All) GINAGOMAD: seattle sux
(41:39 / All) THEBIGMIGHTYROD: I'm not mad at all but I think you are trembling in your shoes
(41:51 / All) XxWizardFacexX: meh. he is a thug and they won last year. patriots are tur thugs tho. murderers.
(42:07 / All) GINAGOMAD: brady aint
(42:11 / All) GINAGOMAD: nor is gronk
(42:12 / All) GINAGOMAD: or edelman
(42:16 / All) XxWizardFacexX: he's too pretty.
(42:27 / All) XxWizardFacexX: gronk is an orc incarnate in human form.
(42:36 / All) HerroNippon: He's Frank Horrigan
(42:39 / All) HerroNippon: Get it right, newbie
(42:52 / All) XxWizardFacexX: shut up jap.
(43:22 / All) XxWizardFacexX: mass peasants incoming south! be prepared!
(43:32 / All) GINAGOMAD: buy critters
(43:37 / All) THEBIGMIGHTYROD: 2late
(43:45 / All) THEBIGMIGHTYROD: help kill these peasants
(43:46 / All) XxWizardFacexX: bye you nonenglish speaking noob
(43:48 / All) THEBIGMIGHTYROD: sent them to wrong base
(44:00 / All) GINAGOMAD: u areont gonna leave oj
(44:03 / All) GINAGOMAD: u sick puppy
(44:13 / All) uHH: well uhhh
(44:16 / All) uHH: ill stay
(44:20 / All) XxWizardFacexX: same
(44:22 / All) GINAGOMAD: we know u will
(45:00 / All) uHH: bouta watch some espn and go afk
(45:01 / All) XxWizardFacexX: we won, for the record. tealio just wanted a little sodomy and isnt getting it from his bf so he wants it from you.
(45:04 / All) THEBIGMIGHTYROD: You all have equal chances of winning
(45:08 / All) THEBIGMIGHTYROD: No one has won yet
(45:19 / All) THEBIGMIGHTYROD: Every unit on the map shall die
(45:22 / All) XxWizardFacexX: shut up tealio. go get a man hooker to buttfuck you.
(45:27 / All) THEBIGMIGHTYROD: The only one who leaves shall leave victorious
(45:30 / Allies) uHH: oj <3 bro
(45:40 / Allies) XxWizardFacexX: lol
(45:45 / All) THEBIGMIGHTYROD: This shall be a Mexican standoff of epic proportions
(45:51 / All) THEBIGMIGHTYROD: You three fags can duke it out for days
(45:59 / All) THEBIGMIGHTYROD: Work hard to get this win for us
(46:03 / All) XxWizardFacexX: gonna go take a dump. can you sodomize teal before i get back?
(46:11 / All) HerroNippon: anything short of 1000 hours and I will be disappointed
(46:33 / All) THEBIGMIGHTYROD: I sodomized blue and orange already
(46:40 / All) THEBIGMIGHTYROD: can't self-sodomize, my cum is all packed tight in your assholes tonight
(46:55 / All) THEBIGMIGHTYROD: Enjoy the standoff boys
(46:56 / All) GINAGOMAD: gonna watch tv good work
(46:59 / All) HerroNippon: IT'S TIME
(47:01 / All) THEBIGMIGHTYROD: at the bottom left
(47:04 / All) uHH: **claps** dude works on his catch phrases
(47:06 / All) THEBIGMIGHTYROD: LET IT BEGIN, LET IT BEGIN
(47:14 / All) GINAGOMAD: i knew blue and oj would stay
(47:17 / All) GINAGOMAD: i have a feeling with dipshits
(47:21 / All) THEBIGMIGHTYROD: lawl
(47:31 / All) THEBIGMIGHTYROD: Good luck gentlemen